 Dungeon Crawl Stone Soup version 0.27-a0-887-gcab673c142 (webtiles) character file.

Game seed: 5208246035963232366

674 srzhan31 the Magician (level 7, 0/45 HPs)
             Began as a Djinni Earth Elementalist on Apr 3, 2021.
             Shot with an arrow by a centaur (4 damage)
             ... on level 5 of the Dungeon.
             The game lasted 00:11:31 (5050 turns).

srzhan31 the Magician (Djinni Earth Elementalist)   Turns: 5050, Time: 00:11:33

Health: 0/45       AC:  5    Str:  7    XL:     7   Next: 59%
Gold:   172        EV: 13    Int: 18    God:
                   SH:  0    Dex: 14

rFire    + + .     SeeInvis .   (no weapon)
rCold    x . .     Faith    .   (no shield)
rNeg     . . .     Spirit   .   c - +0 robe
rPois    ∞         Reflect  .   (no helmet)
rElec    .         Harm     .   (no cloak)
rCorr    .         Rampage  .   p - +2 pair of gloves
Will     .....                  (boots unavailable)
Stlth    ++........             (no amulet)
HPRegen  0.15/turn              (no ring)
MPRegen  0.00/turn              (no ring)

@: flying
A: fire resistance 2, cold vulnerability 1, float, innate caster, hp casting,
extra vitality 1
a: no special abilities


You were on level 5 of the Dungeon.
You visited 2 branches of the dungeon, and saw 6 of its levels.

You collected 172 gold pieces.

Inventory:

Missiles
 b - 61 stones
Armour
 c - a +0 robe (worn)
 p - a +2 pair of gloves (worn)
Wands
 r - a wand of random effects (17)
Scrolls
 f - a scroll of vulnerability {unknown}
 h - 2 scrolls of teleportation {unknown}
 l - 2 scrolls of fear {unknown}
 m - a scroll of fog {unknown}
 n - a scroll of enchant armour {unknown}
Potions
 a - a potion of haste {unknown}
 d - 2 potions of attraction {unknown}
 e - 6 potions of curing {unknown}
 g - a potion of might {unknown}
 i - a potion of flight {unknown}
 j - a potion of cancellation {unknown}
 k - a potion of lignification {unknown}
 o - a potion of brilliance {unknown}
 q - a potion of invisibility {unknown}


   Skills:
 * Level 3.6 Dodging
 - Level 1.6 Stealth
 * Level 6.9 Spellcasting


You couldn't memorise any spells.
You knew the following spells:

 Your Spells              Type           Power      Damage    Failure   Level
a - Sandblast             Erth           62%        2d14      1%          1
b - Passwall              Tmut/Erth      25%        N/A       1%          2
c - Stone Arrow           Conj/Erth      62%        3d10      1%          3
d - Petrify               Tmut/Erth      31%        N/A       6%          4
e - Lee's Rapid Deconstr  Erth           15%        3d11*     17%         5
f - Pain                  Necr           100%       1d9       1%          1
g - Poisonous Vapours     Pois/Air       62%        N/A       1%          2
h - Spider Form           Tmut/Pois      15%        N/A       1%          3
Your spell library was empty.

Dungeon Overview and Level Annotations

Branches:
Dungeon (5/15)             Temple (1/1) D:4

Altars:
Ashenzari
Cheibriados
Dithmenos
Elyvilon
Fedhas
Hepliaklqana
Kikubaaqudgha
Nemelex Xobeh
Okawaru
Qazlal
Ru
Sif Muna
Trog
Uskayaw
Vehumet
Wu Jian
Xom
Yredelemnul
Zin
The Shining One

Shops:
D:4 [*!


Innate Abilities, Weirdness & Mutations

You are immune to poison.
Your flesh is very heat resistant. (rF++)
You are vulnerable to cold. (rC-)
You float through the air rather than walking.
You learn spells naturally, not from books.
Your magical power is your life essence.
You have superior vitality. (+4 HP)


Message History

A centaur comes into view.
Casting: Stone Arrow (dangerous; 2% risk of failure)
Confirm with . or Enter, or press ? or * to list all spells.
Aiming: Stone Arrow (dangerous; 2% risk of failure)
Press: ? - help, Shift-Dir - straight line, f - black bear
Aim: a black bear (21% to evade)
The stone arrow hits the black bear!
The black bear is heavily wounded.
The centaur wields a +0 shortbow.
The centaur shoots an arrow.
The arrow hits you!
Casting: Stone Arrow (dangerous; 2% risk of failure)
Confirm with . or Enter, or press ? or * to list all spells.
Aiming: Stone Arrow (dangerous; 2% risk of failure)
Press: ? - help, Shift-Dir - straight line, f/p - black bear
Aim: a black bear (heavily wounded, 21% to evade)
The stone arrow hits the black bear!
The black bear is almost dead.
The centaur shoots an arrow.
The arrow hits you!
* * * LOW HITPOINT WARNING * * *
The black bear goes berserk!
The centaur shoots an arrow.
The arrow closely misses you.
Casting: Stone Arrow (dangerous; 2% risk of failure)
Confirm with . or Enter, or press ? or * to list all spells.
Aiming: Stone Arrow (dangerous; 2% risk of failure)
Press: ? - help, Shift-Dir - straight line, f/p - black bear
Aim: a black bear (almost dead, berserk, 21% to evade)
The stone arrow hits the black bear!!
You kill the black bear!
* * * LOW HITPOINT WARNING * * *
Unknown command.
Casting: Stone Arrow (safe; 1% risk of failure)
Confirm with . or Enter, or press ? or * to list all spells.
Aiming: Stone Arrow (safe; 1% risk of failure)
Press: ? - help, Shift-Dir - straight line, f - centaur
Aim: a centaur, wielding a +0 shortbow and quivering arrows (16% to evade)
The stone arrow hits the centaur!
The centaur is heavily wounded.
* * * LOW HITPOINT WARNING * * *
The centaur shoots an arrow.
The arrow hits you.
You die...

.# .# c# ## ..
...
#########.##..
........#...
####@#.##..#
#....<.c...#
#..#†#.#####
#..#.#... #.
..#.###
##?###.# #. .#
# ##


You could see a centaur.

Vanquished Creatures
  Grinder (D:3)
  A necrophage (D:4)
  A black bear (D:5)
  A scorpion (D:5)
  2 howler monkeys (D:4)
  2 jellies (D:4)
  3 gnolls (D:3)
  2 adders (D:2)
  3 worms
  A dart slug (D:1)
  4 orcs (D:3)
  2 bats (D:3)
  8 endoplasms
  2 giant cockroaches (D:1)
  7 goblins
  5 hobgoblins
  6 jackals (D:3)
  2 quokkas
  3 ball pythons
  3 frilled lizards
  6 kobolds
  A quokka skeleton (D:4)
  5 rats
71 creatures vanquished.

Notes
Turn   | Place    | Note
-------+----------+-------------------------------------------
     0 | D:1      | srzhan31 the Djinni Earth Elementalist began the quest for
                  | the Orb.
     0 | D:1      | Reached XP level 1. HP: 15/15 MP: 0/0
   132 | D:1      | Reached skill level 3 in Spellcasting
   170 | D:1      | Reached XP level 2. HP: 20/21 MP: 0/0
   195 | D:1      | Found a faded altar of an unknown god.
  1057 | D:2      | Reached XP level 3. HP: 24/25 MP: 0/0
  1057 | D:2      | Learned a level 1 spell: Pain
  1237 | D:2      | You are sucked into a shaft and drop 1 floor!
  2524 | D:3      | Reached XP level 4. HP: 30/31 MP: 0/0
  2575 | D:3      | Reached skill level 4 in Spellcasting
  2892 | D:3      | Noticed Grinder
  2907 | D:3      | Killed Grinder
  2908 | D:3      | Reached skill level 5 in Spellcasting
  2908 | D:3      | Reached XP level 5. HP: 15/35 MP: 0/0
  2908 | D:3      | Learned a level 2 spell: Poisonous Vapours
  2908 | D:3      | Reached XP level 6. HP: 18/40 MP: 0/0
  4101 | D:4      | Found a staircase to the Ecumenical Temple.
  4111 | Temple   | Entered the Ecumenical Temple
  4405 | D:4      | Found a blossoming altar of Fedhas.
  4556 | D:4      | Found Tadgh's Distillery.
  4557 | D:4      | Noticed a necrophage
  4559 | D:4      | Killed a necrophage
  4560 | D:4      | Reached skill level 6 in Spellcasting
  4560 | D:4      | Reached XP level 7. HP: 35/45 MP: 0/0
  4560 | D:4      | Learned a level 3 spell: Spider Form
  4784 | D:4      | Found an ornate altar of the Wu Jian Council.
  4787 | D:4      | Found a hide-covered altar of Uskayaw.
  4790 | D:4      | Found a basalt altar of Yredelemnul.
  4829 | D:4      | Found Odacs's General Store.
  4910 | D:4      | Found Ofuph's Armour Emporium.
  5041 | D:5      | Entered Level 5 of the Dungeon
  5050 | D:5      | Shot with an arrow by a centaur

Illustrated notes

Levels and vault maps discovered:
D:1:      dpeg_arrival_orchard, layout_loops_cross, basic_ecumenical_altar
D:2:      layout_basic
D:3:      layout_loops_corners, nrook_campfire, uniq_grinder
D:4:      layout_rooms, lemuel_crystal_altar, grunt_temple_overflow_cloverleaf,
          minmay_temple_entry_mini_moons, serial_shops, shop, shop, shop_statue
D:5:      layout_basic, kennysheep_mini_moat
Temple:   regret_index_temple_waves

Skill      XL: |  1  2  3  4  5  6 |
---------------+-------------------+-----
Spellcasting   | 3 5 6 |  6.9
Dodging        | 3 |  3.6
Stealth        | |  1.6

Action                   |  1- 3 |  4- 6 |  7- 9 || total
-------------------------+-------+-------+-------++-------
 Cast: Sandblast         |    40 |    21 |       ||    61
       Pain              |    15 |     9 |       ||    24
       Stone Arrow       |       |    17 |    13 ||    30
       Poisonous Vapours |       |    12 |       ||    12
Armor: Robe              |     2 |     1 |       ||     3
Dodge: Dodged            |     7 |     3 |     3 ||    13

Table legend: (Time is in decaauts)
 A = Elapsed time spent in this place.
 B = Non-inter-level travel time spent in this place.
 C = Inter-level travel time spent in this place.
 D = Time resting spent in this place.
 E = Time spent auto-exploring this place.
 F = Levels seen in this place.
 G = Mean time per level.
                   A        B        C        D        E       F      G
               +--------+--------+--------+--------+--------+-----+--------+
         Total |   5050 |   4857 |    193 |      0 |   4495 |   6 |  841.7 |
       Dungeon |   4887 |   4704 |    183 |      0 |   4353 |   5 |  977.4 |
        Temple |    162 |    152 |     10 |      0 |    142 |   1 |  162.0 |
               +--------+--------+--------+--------+--------+-----+--------+

Top non-repeatable levels by time:
     D:3: 2014 daAuts
     D:2: 1158 daAuts
     D:1: 926 daAuts
     D:4: 780 daAuts
  Temple: 162 daAuts
     D:5: 8 daAuts
